 Dungeon Crawl Stone Soup version 0.25.1-11-g244df3a29b (webtiles) character file.

Game seed: 347066325119054586

9225 meatpath the Thaumaturge (level 11, 60/60 HPs)
             Began as a Gargoyle Earth Elementalist on Dec 9, 2020.
             Was a Priest of Vehumet.
             Got out of the dungeon alive.
             The game lasted 01:41:26 (13613 turns).

meatpath the Thaumaturge (GrEE)                    Turns: 13613, Time: 01:41:27

Health: 60/60      AC: 18    Str: 12    XL:     11   Next: 43%
Magic:  24/24      EV: 12    Int: 19    God:    Vehumet [***...]
Gold:   663        SH:  0    Dex: 10    Spells: 2/29 levels left

rFire    . . .     SeeInvis +   N - staff of wizardry
rCold    + . .     Gourm    .   (no shield)
rNeg     + . .     Faith    .   R - +1 leather armour {rC+}
rPois    ∞         Spirit   .   V - +0 helmet
rElec    +         Reflect  .   l - scarf {+Inv}
rCorr    .         Harm     .   v - +0 pair of gloves
MR       .....                  (no boots)
Stlth    ++........             z - amulet of magic regeneration
HPRegen  0.20/turn              L - ring of see invisible
MPRegen  0.44/turn              D - +4 ring of protection

@: no status effects
A: negative energy resistance 1, electricity resistance, unbreathing,
petrification resistance, rot immunity, AC +8
a: Renounce Religion, Evoke Invisibility


You escaped.
You worshipped Vehumet.
Vehumet was most pleased with you.
You were not hungry.

You visited 1 branch of the dungeon, and saw 11 of its levels.

You collected 863 gold pieces.
You spent 200 gold pieces at shops.

Inventory:

Hand Weapons
 F - a +2 spear of freezing
 S - the +3 dagger "Muczeluk" {drain, MR+ Str+4}
   (You took it off a gnoll on level 7 of the Dungeon)

   A truly terrible weapon, it drains the life of those it strikes.
   It affects your strength (+4).
   It affects your resistance to hostile enchantments.
 T - a +4 hunting sling of flaming
 U - the cursed +1 morningstar "Hisch" {vorpal, rN+ Int+2 Stlth-}
   (You took it off a gnoll on level 7 of the Dungeon)

   It inflicts extra damage upon your enemies.
   It affects your intelligence (+2).
   It protects you from negative energy.
   It makes you less stealthy.
   It has a curse placed upon it.
 Z - the +8 flail "Ephoutom" {vorpal, Int+5, unknown}
   (You found it on level 10 of the Dungeon)

   It inflicts extra damage upon your enemies.
   It affects your intelligence (+5).
Missiles
 a - 99 sling bullets
 t - 241 stones (quivered)
 x - 59 poisoned darts
Armour
 l - a scarf of invisibility (worn)
 v - a +0 pair of gloves (worn)
 E - a +0 kite shield
 R - a +1 leather armour of cold resistance (worn)
 V - a +0 helmet (worn)
 W - cursed +0 steam dragon scales
Magical Staves
 N - an uncursed staff of wizardry (weapon)
Jewellery
 z - an amulet of magic regeneration (around neck)
 D - a +4 ring of protection (right hand)
 L - a ring of see invisible (left hand)
 Q - a cursed ring of teleportation
Wands
 y - a wand of random effects (19)
 J - a wand of flame (40)
 P - a wand of polymorph (9)
 X - a wand of clouds (3)
Scrolls
 c - a scroll of holy word {unknown}
 i - 3 scrolls of magic mapping
 m - 4 scrolls of remove curse
 n - a scroll of fear {unknown}
 w - a scroll of noise
 A - 7 scrolls of teleportation
 B - a scroll of enchant armour
 C - 2 scrolls of enchant weapon
 I - a scroll of blinking
 K - a scroll of amnesia
Potions
 e - a potion of berserk rage {unknown}
 f - 2 potions of might
 g - 6 potions of cancellation
 h - 7 potions of curing
 j - a potion of invisibility
 k - a potion of magic
 o - 2 potions of resistance
 p - 2 potions of flight {unknown}
 r - 2 potions of lignification
 s - 2 potions of brilliance
 G - 2 potions of degeneration {unknown}
 H - 2 potions of stabbing {unknown}
 O - a potion of mutation {unknown}
 Y - a potion of haste
Miscellaneous
 u - a phantom mirror
 M - a lightning rod (4/4)
Comestibles
 d - 10 rations


   Skills:
 + Level 3.7 Fighting
 - Level 2.5 Dodging
 - Level 2.1 Stealth
 + Level 9.5 Spellcasting
 - Level 5.4 Conjurations
 - Level 5.4 Transmutations
 + Level 5.7 Fire Magic
 - Level 5.0 Air Magic
 - Level 9.0 Earth Magic


You had 2 spell levels left.
You knew the following spells:

 Your Spells              Type           Power        Failure   Level  Hunger
a - Sandblast             Erth           #####.       1%          1    None
b - Stone Arrow           Conj/Erth      #####.       1%          3    None
c - Petrify               Tmut/Erth      #####...     1%          4    ###....
d - Magic Dart            Conj           ####         1%          1    None
e - Lee's Rapid Deconstr  Erth           #####.....   1%          5    #####..
f - Conjure Flame         Conj/Fire      ####....     1%          3    None
g - Mephitic Cloud        Conj/Pois/Air  ###.....     1%          3    None
h - Passwall              Tmut/Erth      #####...     1%          2    None
i - Fireball              Conj/Fire      ####......   3%          5    #####..

Your spell library contained the following spells:

 Spells                   Type           Power        Failure   Level  Hunger
 Searing Ray              Conj           ####..       1%          2    None
 Foxfire                  Conj/Fire      ####         1%          1    None
 Poisonous Vapours        Pois/Air       ###...       2%          2    None
 Corona                   Hex            #......      4%          1    None
 Blink                    Tloc           N/A          6%          2    None
 Call Imp                 Summ           #.......     6%          2    None
 Ensorcelled Hibernation  Hex/Ice        #.....       6%          2    None
 Slow                     Hex            #.......     6%          2    None
 Dazzling Flash           Conj/Hex       ###...       1%          3    None
 Inner Flame              Hex/Fire       ###.....     1%          3    None
 Sticky Flame             Conj/Fire      ####....     1%          4    ###....
 Bolt of Magma            Conj/Fire/Erth ####......   2%          5    #####..
 Freezing Cloud           Conj/Ice/Air   ###.......   34%         6    ######.
 Metabolic Englaciation   Hex/Ice        #.........   69%         5    #####..
 Ring of Flames           Chrm/Fire      ###.......   100%        7    #######
 Dragon's Call            Summ           #.........   100%        9    #######
 Shatter                  Erth           #####.....   100%        9    #######


Dungeon Overview and Level Annotations

Branches:
Dungeon (11/15)            Temple (0/1) D:7            Lair (0/6) D:10
    Orc: D:9-12

Altars:
Gozag
Kikubaaqudgha
Nemelex Xobeh
Okawaru
Vehumet

Shops:
D:6 *

Annotations:
D:8 Joseph


Innate Abilities, Weirdness & Mutations

You are resistant to torment.
Your stone body is resilient. (AC +8)
You are immune to poison.
You resist negative energy. (rN+)
You are resistant to electric shocks. (rElec)
You can survive without breathing.
You are immune to petrification.
You are immune to rotting.


Message History

You climb upwards.
There is a stone staircase leading down here.
There is a stone staircase leading up here.
You climb upwards.
There is a stone staircase leading down here.
There is an open door here.
There is a stone staircase leading up here.
You climb upwards.
There is a stone staircase leading down here.
All of the chunks of flesh in your inventory have rotted away.
There is a stone staircase leading up here.
You climb upwards.
There is a stone staircase leading down here.
There is a stone staircase leading up here.
You climb upwards.
There is a stone staircase leading down here.
There is an open door here.
There is a staircase leading out of the dungeon here.
Are you sure you want to leave the Dungeon?
This will make you lose the game!
You have escaped!

....########################.####
.................................
....########################.#...
.#### ##.........## ###.#'## .#
##...........## #.......
.#########....#####....###.......
.............#.....#.............
###.######..#.......#...##.......
#.# #..#....@....#..##.......
#.######..#.......#..###.......
###.....###..#.....#..#..........
...........#..#####..##.##.......
...........##.......###.##.......
...........###....#####.##.......
#######.................##.......
......'.............######.......
#######.............# #.......


There were no monsters in sight!

Vanquished Creatures
  Erolcha (D:9)
  2 two-headed ogres (D:7)
  2 gargoyles
  Maggie (D:9)
  A centaur skeleton (D:10)
  Prince Ribbit (D:9)
  3 hippogriffs
  6 yaks
  A vampire (D:7)
  A basilisk (D:10)
  A hungry ghost (D:11)
  3 orc warriors
  A black bear (D:9)
  4 ice beasts
  2 sky beasts
  5 ogres
  2 necrophages
  3 centaurs
  2 crocodiles
  A big kobold (D:7)
  6 bullfrogs
  A wyvern skeleton (D:9)
  A scorpion (D:5)
  3 killer bees
  4 wights
  3 crimson imps
  A quasit (D:6)
  4 jellies
  A gnoll shaman (D:8)
  6 hounds
  3 orc priests
  3 bullfrog skeletons
  9 orc wizards
  7 worker ants
  A hound skeleton (D:5)
  2 worker ant zombies
  14 gnolls
  3 howler monkey skeletons
  9 adders
  4 shadow imps
  2 oozes
  An adder zombie (D:7)
  2 adder skeletons
  4 worms
  6 dart slugs
  8 leopard geckos
  26 orcs
  3 ball pythons
  6 giant cockroaches
  7 goblins
  10 hobgoblins
  13 jackals
  2 quokkas
  7 bats
  10 frilled lizards
  A giant cockroach zombie (D:5)
  6 kobolds
  A leopard gecko zombie (D:7)
  A quokka skeleton (D:7)
  2 quokka zombies
  4 rats
250 creatures vanquished.

Notes
Turn   | Place    | Note
-------+----------+-------------------------------------------
     0 | D:1      | meatpath the Gargoyle Earth Elementalist began the quest
                  | for the Orb.
     0 | D:1      | Reached XP level 1. HP: 10/10 MP: 3/3
   282 | D:1      | Reached XP level 2. HP: 15/15 MP: 3/5
   690 | D:1      | Reached XP level 3. HP: 19/19 MP: 3/6
  1060 | D:1      | Learned a level 3 spell: Stone Arrow
  1509 | D:2      | Reached XP level 4. HP: 24/24 MP: 7/7
  1826 | D:2      | Reached skill level 1 in Conjurations
  2402 | D:3      | Reached XP level 5. HP: 16/28 MP: 5/9
  3304 | D:3      | Learned a level 4 spell: Petrify
  3606 | D:4      | Reached skill level 5 in Earth Magic
  3755 | D:4      | Reached XP level 6. HP: 29/32 MP: 7/11
  4893 | D:5      | Entered Level 5 of the Dungeon
  4918 | D:4      | Learned a level 1 spell: Magic Dart
  4944 | D:5      | Reached XP level 7. HP: 28/36 MP: 9/13
  4988 | D:5      | Found an iron altar of Okawaru.
  5517 | D:5      | Learned a level 5 spell: Lee's Rapid Deconstruction
  6151 | D:6      | Reached XP level 8. HP: 26/41 MP: 9/15
  6359 | D:6      | Reached skill level 5 in Spellcasting
  6359 | D:6      | Reached skill level 5 in Conjurations
  6581 | D:6      | Found Ynwewupt's Assorted Antiques.
  6589 | D:6      | Bought a scroll of identify for 50 gold pieces
  6589 | D:6      | Bought a scroll of identify for 50 gold pieces
  6589 | D:6      | Bought a scroll of identify for 50 gold pieces
  6589 | D:6      | Bought a scroll of identify for 50 gold pieces
  6665 | D:6      | Found a radiant altar of Vehumet.
  6686 | D:6      | Became a worshipper of Vehumet
  7128 | D:6      | Learned a level 3 spell: Conjure Flame
  7193 | D:6      | Reached skill level 1 in Fire Magic
  7225 | D:7      | Noticed a vampire
  7238 | D:7      | Killed a vampire
  7241 | D:7      | Noticed a gargoyle
  7261 | D:7      | Killed a gargoyle
  7261 | D:7      | Reached XP level 9. HP: 18/45 MP: 1/18
  7643 | D:7      | Learned a level 3 spell: Mephitic Cloud
  7728 | D:7      | Noticed a two-headed ogre
  7728 | D:7      | Noticed a two-headed ogre
  7870 | D:7      | Reached * piety under Vehumet
  7870 | D:7      | Offered knowledge of Shock by Vehumet.
  7944 | D:7      | Reached skill level 1 in Air Magic
  8045 | D:7      | Reached skill level 1 in Transmutations
  8084 | D:7      | Found an opulent altar of Gozag.
  8363 | D:7      | Identified the Guide on the Oath and Summoning
  8365 | D:7      | Identified Lee's Catalogue of Stones
  8376 | D:7      | Identified the cursed +1 morningstar "Hisch" {vorpal, rN+
                  | Int+2 Stlth-}
  8376 | D:7      | Identified the +1 plate armour "Fesayhiu" {*Drain rN+ Int+3
                  | Stlth+}
  8404 | D:7      | Identified the +3 dagger "Muczeluk" {drain, MR+ Str+4}
  8484 | D:7      | Killed a two-headed ogre
  8484 | D:7      | Reached XP level 10. HP: 50/50 MP: 5/21
  8590 | D:7      | Killed a two-headed ogre
  8660 | D:7      | Found a staircase to the Ecumenical Temple.
  8687 | D:7      | Reached ** piety under Vehumet
  8687 | D:7      | Offered knowledge of Freeze by Vehumet.
  9080 | D:8      | Learned a level 2 spell: Passwall
  9093 | D:8      | Noticed Joseph
  9659 | D:8      | Found a sparkling altar of Nemelex Xobeh.
  9659 | D:8      | Found an ancient bone altar of Kikubaaqudgha.
  9900 | D:8      | Reached skill level 5 in Air Magic
 10351 | D:9      | Noticed Erolcha
 10365 | D:9      | HP: 2/50 [Erolcha/+0 giant club (9)]
 10369 | D:9      | Killed Erolcha
 10369 | D:9      | Reached skill level 5 in Transmutations
 10465 | D:9      | Noticed Prince Ribbit
 10470 | D:9      | Killed Prince Ribbit
 10470 | D:9      | Reached XP level 11. HP: 54/54 MP: 9/23
 10607 | D:9      | Learned a level 5 spell: Fireball
 10826 | D:9      | Noticed Maggie
 10834 | D:9      | Killed Maggie
 10834 | D:9      | Reached skill level 1 in Fighting
 11076 | D:9      | Reached skill level 5 in Fire Magic
 11688 | D:10     | Entered Level 10 of the Dungeon
 11880 | D:10     | Noticed a two-headed ogre
 12047 | D:9      | Offered knowledge of Searing Ray by Vehumet.
 12546 | D:10     | Got a bone flail
 12994 | D:11     | Reached *** piety under Vehumet
 13044 | D:11     | Noticed a red ugly thing
 13279 | D:10     | Found a staircase to the Lair.
 13279 | D:10     | Noticed a death yak
 13414 | D:10     | Upgraded the game from 0.25.1-8-g42b30a86e7 to
                  | 0.25.1-11-g244df3a29b
 13613 | D:$      | Got out of the dungeon alive.

Illustrated notes

Levels and vault maps discovered:
D:1:      scummos_arrival_hexagon, layout_basic
D:2:      layout_loops_ring, first_ration
D:3:      layout_loops_cross, chequers_arboretum, minivault_14
D:4:      layout_loops_corners
D:5:      layout_basic, kennysheep_mini_moat
D:6:      layout_loops_ring, serial_shops, shop_coins, vehumet_altar_wand_db
D:7:      minmay_the_grid_octo_2x2 [minmay_the_grid_octo_focus,
          minmay_the_grid_octo_tetromino_candy, minmay_the_grid_octo_horde,
          minmay_the_grid_octo_prize_ultimate_mussel_roller], layout_rooms,
          nicolae_gozag_cash_rules_everything_around_me,
          minmay_temple_entry_stoned_glass
D:8:      minmay_bubble_buster, layout_cave_pools, minitemple,
          grunt_ministairs_11, uniq_joseph
D:9:      layout_gridville, uniq_erolcha, uniq_prince_ribbit1, uniq_maggie
D:10:     layout_grid_maze, david_lair_generic
D:11:     layout_loops_ring, orc_david_3, ebering_ghost_disaster_area,
          grunt_pizzeria, nicolae_sextant

Skill      XL: |  1  2  3  4  5  6  7  8  9 10 11 |
---------------+----------------------------------+-----
Earth Magic    | 4 5 6 8 9 |  9.0
Dodging        | 2 |  2.5
Conjurations   | 1 2 3 4 5 |  5.4
Spellcasting   | 3 4 6 7 8 9 |  9.5
Fire Magic     | 2 3 4 5 |  5.7
Air Magic      | 3 5 |  5.0
Transmutations | 3 5 |  5.4
Fighting       | 3 |  3.7
Stealth        | |  2.1

Action                   |  1- 3 |  4- 6 |  7- 9 | 10-12 || total
-------------------------+-------+-------+-------+-------++-------
Melee: Dagger            |    34 |       |       |       ||    34
       Spear             |    14 |   156 |    21 |       ||   191
       Staff             |       |       |     7 |    11 ||    18
 Cast: Sandblast         |    34 |    66 |    60 |    20 ||   180
       Stone Arrow       |     1 |     3 |    79 |   136 ||   219
       Magic Dart        |       |     3 |    45 |    80 ||   128
       Conjure Flame     |       |       |     2 |     1 ||     3
       Lee's Rapid Decon |       |       |     2 |     5 ||     7
       Mephitic Cloud    |       |       |     3 |    20 ||    23
       Petrify           |       |       |     1 |     7 ||     8
       Passwall          |       |       |       |     5 ||     5
  Use: Scroll            |       |    11 |     6 |     6 ||    23
       Potion            |       |       |     1 |     3 ||     4
 Stab: Sleeping          |       |     2 |       |       ||     2
  Eat: Chunk             |     2 |     6 |    10 |     7 ||    25
       Ration            |       |     2 |     1 |     3 ||     6
Armor: Robe              |    23 |    38 |       |       ||    61
       Leather armour    |       |     6 |    69 |    36 ||   111
Dodge: Dodged            |    36 |    90 |    74 |    47 ||   247
